 Dungeon Crawl Stone Soup version 0.28-a0-245-g639a1a48b9 (webtiles) character file.

Game seed: 9650546969594490034

115 Mesmaeker13 the Skirmisher (level 5, -3/45 HPs)
             Began as a Ghoul Warper on Aug 24, 2021.
             Slain by Ijyb (4 damage)
             ... on level 3 of the Dungeon.
             The game lasted 00:04:12 (3414 turns).

Mesmaeker13 the Skirmisher (Ghoul Warper)           Turns: 3414, Time: 00:04:12

Health: -3/45      AC:  4    Str: 15    XL:     5   Next: 0%
Magic:  6/6        EV:  9    Int:  9    God:
Gold:   108        SH:  0    Dex:  8    Spells: 7/7 levels left

rFire   . . .      SeeInvis .     - Unarmed
rCold   + . .      Faith    .   (no shield)
rNeg    + + +      Spirit   .   o - +0 scale mail
rPois   ∞          Reflect  .   (no helmet)
rElec   .          Harm     .   l - +0 cloak
rCorr   .          Rampage  .   (no gloves)
Will    .....                   m - +0 pair of boots
Stlth   ..........              (no amulet)
HPRegen 0.00/turn               (no ring)
MPRegen 0.10/turn               (no ring)

@: corroded, inhibited regen, hasted, very quick
A: claws 1, cold resistance 1, negative energy resistance 3, inhibited
regeneration, torment resistance 2
a: no special abilities


You were on level 3 of the Dungeon.
You visited 1 branch of the dungeon, and saw 3 of its levels.

You collected 108 gold pieces.

Inventory:

Hand Weapons
 h - a +3 mace
Missiles
 c - a boomerang of dispersal (quivered)
Armour
 l - a +0 cloak (worn)
 m - a +0 pair of boots (worn)
 o - a +0 scale mail (worn)
Jewellery
 f - a ring of ice
Scrolls
 b - a scroll of blinking
 d - a scroll of noise
 g - a scroll of teleportation {unknown}
 j - a scroll of enchant armour
 k - a scroll of magic mapping {unknown}
 p - a scroll of vulnerability {unknown}
Potions
 e - a potion of haste
 i - a potion of resistance
 n - a potion of heal wounds {unknown}


   Skills:
 + Level 3.3 Fighting
 - Level 0.8 Throwing
 + Level 2.1 Armour
 + Level 2.7 Dodging
 + Level 3.2 Unarmed Combat
 - Level 1.7 Spellcasting
 - Level 2.6 Translocations


You had 7 spell levels left.
You didn't know any spells.
Your spell library contained the following spells:

 Spells                   Type           Power      Damage    Failure   Level
 Blink                    Tloc           N/A        N/A       56%         2
 Magic Dart               Conj           0%         1d3       80%         1
 Pain                     Necr           0%         1d4       80%         1
 Gell's Gravitas          Tloc           2%         N/A       80%         3
 Lesser Beckoning         Tloc           2%         N/A       80%         3
 Teleport Other           Tloc           5%         N/A       80%         3
 Call Imp                 Summ           0%         N/A       90%         2
 Mephitic Cloud           Conj/Pois/Air  0%         N/A       99%         3
 Agony                    Necr           0%         N/A       100%        5
 Excruciating Wounds      Necr           0%         N/A       100%        5
 Manifold Assault         Tloc           5%         N/A       100%        5


Dungeon Overview and Level Annotations

Branches:
Dungeon (3/15)

Altars:
Hepliaklqana
Sif Muna

Annotations:
D:2 1 runed translucent door, Crazy Yiuf, Robin
D:3 Ijyb


Innate Abilities, Weirdness & Mutations

You thrive by killing the living.
You are immune to poison.
You have sharp fingernails.
Your flesh is cold resistant. (rC+)
You are immune to negative energy. (rN+++)
You do not regenerate when monsters are visible.
You are immune to unholy pain and torment.


Message History

You scratch Ijyb.
Ijyb is heavily wounded.
Ijyb hits you with a +0 dagger.
You miss Ijyb.
Ijyb is heavily wounded.
Ijyb zaps a wand.
The bolt of acid hits you. The acid corrodes you!
You are splashed with acid!
* * * LOW HITPOINT WARNING * * *
You scratch Ijyb but do no damage. Your claw misses Ijyb.
Ijyb is heavily wounded.
Ijyb closely misses you.
Unknown command.
It was a potion of haste.
You feel yourself speed up. Ijyb hits you with a +0 dagger.
* * * LOW HITPOINT WARNING * * *
You scratch Ijyb but do no damage.
Ijyb is heavily wounded.
Ijyb hits you with a +0 dagger.
* * * LOW HITPOINT WARNING * * *
You closely miss Ijyb.
Ijyb is heavily wounded.
You barely miss Ijyb.
Ijyb is heavily wounded.
Ijyb barely misses you.
You scratch Ijyb but do no damage.
Ijyb is heavily wounded.
Ijyb hits you but does no damage.
You scratch Ijyb.
Ijyb is heavily wounded.
You barely miss Ijyb.
Ijyb is heavily wounded.
Ijyb barely misses you.
Unknown command.
Unknown command.
You scratch Ijyb.
Ijyb is severely wounded.
You scratch Ijyb but do no damage.
Ijyb is severely wounded.
Ijyb hits you with a +0 dagger.
You die...

#.######..)###..#
#..# #...## #..# ##
#..# #.### #.># #..
#..# #.# #..#
#...###..# #.# #..#
......#..####.#
#..###
.........##.#.##
#....#
#.##.....######.#.#
##
#........g@.....#.#
#.
####.....########.#
#. ##.#...# #.# #.
#####.# #.# #. #.#
#.# #. #.# #.# #.
#.# #.# #. #.# #.#
#. ##.#
#####.########.


You could see Ijyb.

Vanquished Creatures
  A howler monkey skeleton (D:3)
  2 adders (D:3)
  A worm (D:3)
  A dart slug (D:1)
  An orc (D:3)
  7 endoplasms
  3 giant cockroaches
  13 goblins
  9 hobgoblins
  10 jackals
  A kobold (D:3)
  5 quokkas
  6 bats
  8 frilled lizards (D:3)
  A rat (D:1)
69 creatures vanquished.

Vanquished Creatures (others)
  2 plants (D:3)
2 creatures vanquished.

Grand Total: 71 creatures vanquished

Notes
Turn   | Place    | Note
-------+----------+-------------------------------------------
     0 | D:1      | Mesmaeker13 the Ghoul Warper began the quest for the Orb.
     0 | D:1      | Reached XP level 1. HP: 17/17 MP: 2/2
    57 | D:1      | Found a faded altar of an unknown god.
   146 | D:1      | Reached skill level 1 in Armour
   367 | D:1      | Reached XP level 2. HP: 25/25 MP: 3/3
   919 | D:1      | Reached XP level 3. HP: 23/30 MP: 4/4
  1084 | D:2      | Found a hazy altar of Hepliaklqana.
  1334 | D:2      | Found a runed translucent door.
  1335 | D:2      | Noticed Crazy Yiuf
  1374 | D:2      | Noticed Robin
  1912 | D:2      | Reached XP level 4. HP: 36/37 MP: 5/5
  3298 | D:3      | Reached XP level 5. HP: 45/45 MP: 6/6
  3337 | D:3      | Found a shimmering blue altar of Sif Muna.
  3377 | D:3      | Noticed Ijyb
  3406 | D:3      | HP: 2/45 [Ijyb (3)]
  3414 | D:3      | Slain by Ijyb

Illustrated notes

Levels and vault maps discovered:
D:1:      erik_arrival_orb_chamber, layout_loops_corners,
          ebering_ecumenical_altar_sacrificial
D:2:      layout_basic, basic_altar, uniq_robin, uniq_crazy_yiuf_cottage
D:3:      layout_loops_ring, lemuel_blue_sif_altar, minmay_lizard_king,
          uniq_jessica, uniq_ijyb

Skill      XL: |  1  2  3  4 |
---------------+-------------+-----
Armour         | 1 2 |  2.1
Dodging        | 2 |  2.7
Fighting       | 3 |  3.3
Unarmed Combat | 3 |  3.2
Throwing       | |  0.8
Spellcasting   | |  1.7
Translocations | |  2.6

Action                   |  1- 3 |  4- 6 || total
-------------------------+-------+-------++-------
Melee: Unarmed           |   162 |   118 ||   280
       Punch             |     2 |       ||     2
Throw: Boomerang         |       |     4 ||     4
  Use: Scroll            |       |     3 ||     3
       Potion            |       |     1 ||     1
Armor: Leather armour    |    55 |    22 ||    77
       Scale mail        |       |     1 ||     1
Dodge: Dodged            |   101 |    52 ||   153

Table legend: (Time is in decaauts)
 A = Elapsed time spent in this place.
 B = Non-inter-level travel time spent in this place.
 C = Inter-level travel time spent in this place.
 D = Time resting spent in this place.
 E = Time spent auto-exploring this place.
 F = Levels seen in this place.
 G = Mean time per level.
                   A        B        C        D        E       F      G
               +--------+--------+--------+--------+--------+-----+--------+
         Total |   3401 |   3231 |    170 |    598 |   1900 |   3 | 1133.7 |
       Dungeon |   3401 |   3231 |    170 |    598 |   1900 |   3 | 1133.7 |
               +--------+--------+--------+--------+--------+-----+--------+

Top non-repeatable levels by time:
     D:1: 1448 daAuts
     D:2: 1068 daAuts
     D:3: 883 daAuts
